Map: Ruins of Seras

Players

Elazer

  • Race: Zerg Zerg
  • League: Grandmaster

MMA - Winner!

  • Race: Terran Terran

Event: Homestory Cup XII

VOD

Have the link to the VOD?

Description

Time

  • Played on: Dec. 20, 2015, 2:12 p.m.
  • Length: 8:08

All games in this series

Show
View Real Time Build Order
Export as new Build Order

Elazer Zerg 

Build Orders: Hatch First, Roach Nydus 

Get SALT Encoding   

  12  0:00  Drone  
  13  0:13  Overlord  
  13  0:17  Drone  
  14  0:31  Drone x2  
  14  0:35  Drone  
  17  0:54  Hatchery  
  17  0:56  Drone  
  17  1:00  Drone  
  18  1:10  Extractor  
  17  1:15  Spawning Pool  
  17  1:18  Drone  
  17  1:21  Drone  
  18  1:29  Drone  
  19  1:40  Overlord  
  19  2:01  Queen  
  19  2:02  Zergling x4  
  19  2:06  Queen  
  19  2:08  Drone  
  26  2:13  Drone  
  27  2:17  Drone  
  27  2:22  Drone  
  29  2:27  Drone  
  30  2:38  Drone x2  
  33  2:48  Queen  
  34  2:52  Lair  
  34  2:56  Overlord  
  32  3:04  Overlord  
  32  3:15  Drone x3  
  35  3:20  Overlord  
  35  3:24  Drone x5  
  35  3:25  Drone, Queen  
  43  3:32  Extractor  
  42  3:35  Drone  
  42  3:41  Roach Warren  
  42  3:57  Nydus Network  
  42  4:00  Queen  
  43  4:03  Queen  
  43  4:05  Overlord x2  
  45  4:20  Roach  
  45  4:21  Roach x2  
  51  4:33  Roach  
  51  4:34  Roach x4  
  61  4:42  Nydus Canal  
  61  4:46  Roach  
  61  4:48  Overlord  
  61  4:49  Roach  
  61  4:52  Queen  
  67  5:06  Queen  
  69  5:09  Roach x3  
  69  5:11  Roach  
  71  5:29  Nydus Canal  
  71  5:30  Roach  
  71  5:31  Queen  
  71  5:32  Overlord  
  75  5:45  Queen  
  75  5:48  Drone  
  75  5:49  Roach  
  76  5:50  Roach x2  
  76  5:51  Roach  
  76  5:52  Roach  
  82  6:12  Hatchery  
  82  6:14  Overlord x2  
  82  6:16  Glial Reconstitution  
  81  6:32  Drone x2  
  79  6:33  Drone  
  72  6:41  Drone x2  
  66  6:48  Drone x3  
  66  6:49  Evolution Chamber  
  66  6:50  Drone x3  
  66  6:53  Drone  
  66  6:54  Extractor  
  69  7:04  Roach x2  
  71  7:12  Roach  
  73  7:22  Overlord  
  73  7:23  Overlord  
  73  7:25  Roach x2  
  73  7:26  Roach x3  
  73  7:27  Drone x2  
  85  7:32  Ravager  
  85  7:34  Overlord  
  86  7:37  Roach  
  86  7:42  Roach  
  90  7:47  Roach  
  90  7:48  Roach  
  92  7:53  Extractor  
Show
View Real Time Build Order
Export as new Build Order

MMA Terran - Winner!

Build Orders: Reaper Expand 

Get SALT Encoding   

  12  0:01  SCV  
  13  0:13  SCV  
  14  0:18  Supply Depot  
  14  0:25  SCV  
  15  0:39  SCV  
  15  0:41  Barracks  
  16  0:46  Refinery  
  16  0:51  SCV  
  17  1:03  SCV  
  18  1:16  SCV  
  19  1:28  Reaper, Orbital Command  
  20  1:43  Command Center  
  20  1:51  Supply Depot  
  20  1:54  SCV  
  21  2:00  Marine  
  22  2:06  SCV  
  23  2:10  Factory  
  23  2:17  Refinery  
  23  2:18  SCV  
  24  2:23  Barracks Reactor  
  24  2:30  SCV  
  25  2:42  SCV  
  26  2:54  SCV, Starport  
  26  2:57  Orbital Command  
  27  2:59  Marine x2  
  27  3:00  Factory Tech Lab  
  29  3:06  SCV  
  29  3:09  Bunker  
  30  3:17  Marine x2  
  30  3:18  SCV  
  33  3:20  Siege Tank  
  33  3:23  SCV  
  37  3:30  Supply Depot  
  37  3:34  SCV  
  37  3:35  SCV  
  37  3:37  Marine x2  
  41  3:41  Medivac  
  41  3:46  SCV  
  41  3:47  SCV  
  45  3:54  Marine  
  45  3:55  Supply Depot  
  46  3:56  Marine  
  46  4:00  SCV x2  
  46  4:02  Siege Tank  
  52  4:11  Supply Depot  
  52  4:12  SCV x2  
  52  4:16  Marine x2  
  56  4:24  SCV  
  56  4:25  SCV  
  58  4:34  Liberator, Siege Tank, Marine x2  
  58  4:36  Supply Depot  
  58  4:37  SCV x2  
  64  4:49  SCV x2  
  64  4:52  Marine  
  70  4:54  Supply Depot  
  70  4:57  Marine  
  70  4:58  Supply Depot  
  71  5:01  Supply Depot, SCV x2  
  73  5:10  Marine  
  73  5:13  SCV x2  
  76  5:15  Marine  
  76  5:17  Command Center, Refinery x2  
  77  5:23  Siege Tank  
  77  5:27  Marine  
  81  5:31  SCV x2  
  81  5:33  Marine  
  84  5:43  SCV x2  
  84  5:45  Marine  
  84  5:46  Engineering Bay  
  87  5:51  Marine  
  87  5:55  Engineering Bay  
  89  5:57  SCV x2  
  89  5:58  Viking, Engineering Bay  
  89  6:03  Marine  
  88  6:06  Siege Tank  
  88  6:08  Engineering Bay x2  
  88  6:09  SCV x2, Marine  
  94  6:12  Barracks  
  94  6:13  Barracks  
  94  6:14  Barracks  
  94  6:21  SCV x2, Marine  
  97  6:26  Marine  
  97  6:33  SCV x2  
  97  6:39  Marine  
  99  6:44  Marine  
  99  6:45  SCV x2  
  102  6:54  Supply Depot x2  
  102  6:55  Supply Depot  
  102  6:58  Supply Depot  
  102  6:59  SCV  
  102  7:00  SCV  
  101  7:11  Barracks Tech Lab x2  
  101  7:12  Barracks Reactor, Barracks x2, Supply Depot  
  101  7:13  Supply Depot  
  101  7:14  Supply Depot  
  102  7:16  Supply Depot, Siege Tank  
  102  7:19  Supply Depot  
  104  7:29  Command Center, Marine x2, Starport Reactor  
  106  7:38  SCV x2  
  108  7:45  Marauder x2  
  112  7:53  SCV x2  
Tags
 
Add a new tag
Caveats
  • Supply blocks, unpowered buildings, or Contaminate may cause inaccurate times.
  • Supply counts are checked every 10 seconds.